[Event "Titled Tuesday Blitz March 14 Late 2023"]
[White "Popov, Mikhail"]
[Black "Domingo Nunez, Ruben"]
[WhiteFideId "4146182"]
[BlackFideId "22245570"]
[WhiteElo "2270"]
[BlackElo "2404"]
[Result "0-1"]
[Round "06"]
[TimeControl "180+2"]
[Date "2023.03.14"]
[WhiteClock "0:00:12"]
[BlackClock "0:01:22"]

1. c4 g6 2. g3 Bg7 3. Bg2 Nf6 4. Nc3 d6 5. e4 O-O 6. Nge2 Nbd7 7. O-O e5 8. d3 Re8 9. h3 a5 10. Be3 Nc5 11. Qc2 Ne6 12. d4 exd4 13. Nxd4 Ng4 14. hxg4 Nxd4 15. Qd1 Nc6 16. f4 Be6 17. Nd5 Nb4 18. g5 b5 19. Bd4 Bxd4+ 20. Qxd4 Bxd5 21. cxd5 Nc2 22. Qc3 Nxa1 23. Rxa1 Qd7 24. Rc1 b4 25. Qc6 Qxc6 26. Rxc6 Ra7 27. b3 Rb8 28. Kf2 a4 29. bxa4 Rxa4 30. Rc2 Rba8 31. Rxc7 Rxa2+ 32. Kg1 Rb8 0-1


[Site "https://www.chess.com"]

[Event "Titled Tuesday Blitz March 14 Late 2023"]
[White "Hajiyev, Kanan"]
[Black "Arabidze, Meri"]
[WhiteFideId "13404148"]
[BlackFideId "13604040"]
[WhiteElo "2103"]
[BlackElo "2405"]
[Result "0-1"]
[Round "06"]
[TimeControl "180+2"]
[Date "2023.03.14"]
[WhiteClock "0:00:16"]
[BlackClock "0:00:07"]

1. d4 Nf6 2. Nf3 e6 3. c4 Bb4+ 4. Nbd2 O-O 5. a3 Be7 6. e4 d6 7. Bd3 e5 8. O-O Nfd7 9. b4 exd4 10. Nxd4 Bf6 11. Bb2 c5 12. N2b3 cxd4 13. Bxd4 Nc6 14. Bxf6 Nxf6 15. Qe2 Re8 16. Rad1 Ne5 17. Bc2 Qc7 18. c5 dxc5 19. Nxc5 b6 20. Ba4 Bg4 21. f3 bxc5 22. Bxe8 Rxe8 23. fxg4 Nexg4 24. g3 c4 25. Rf4 Qb6+ 26. Kh1 h5 27. h3 Ne5 28. Rf5 Nd3 29. e5 Qd4 30. Kh2 Rxe5 31. Rxe5 Qxe5 32. Qxe5 Nxe5 33. a4 c3 34. Rd8+ Kh7 35. Rc8 Ne4 36. b5 Nd3 37. Rc4 Ndc5 38. a5 f5 39. b6 axb6 40. axb6 g6 41. g4 Kh6 42. Kg2 Kg5 43. gxh5 Kxh5 44. Rb4 Nb7 45. Rc4 Kg5 46. Rc7 Nbc5 47. b7 Nxb7 48. Rxb7 Kf4 49. h4 Ke3 50. Rg7 c2 51. Rc7 Kd2 52. Kf3 c1=Q 53. Rxc1 Kxc1 54. Kf4 Kd2 55. h5 gxh5 56. Kxf5 Ke3 57. Kg6 h4 0-1


[Site "https://www.chess.com"]

[Event "Titled Tuesday Blitz March 14 Late 2023"]
[White "Miszler, Levente"]
[Black "Reprintsev, Alexander"]
[WhiteFideId "763276"]
[BlackFideId "14100541"]
[WhiteElo "2176"]
[BlackElo "2229"]
[Result "0-1"]
[Round "06"]
[TimeControl "180+2"]
[Date "2023.03.14"]
[WhiteClock "0:02:05"]
[BlackClock "0:02:12"]

1. Nf3 Nc6 2. c4 e5 3. Nc3 Bb4 4. Nd5 e4 5. Nxb4 Nxb4 6. Nd4 Nf6 7. a3 Nc6 8. Nxc6 dxc6 9. g3 Bg4 10. Bg2 Qd7 11. O-O O-O-O 12. Qc2 Bxe2 13. Re1 Bd3 14. Qc3 h5 15. h4 Qd4 16. Qxd4 Rxd4 17. b3 Bc2 18. Bb2 Rxd2 19. Bxf6 gxf6 20. Bxe4 Bxb3 21. Bf5+ Kb8 22. c5 Rd5 23. Be4 Rxc5 24. Rab1 Bd5 0-1


[Site "https://www.chess.com"]

[Event "Titled Tuesday Blitz March 14 Late 2023"]
[White "Romkachess"]
[Black "Cheng, Xiao"]
[BlackFideId "2022915"]
[WhiteElo "2561"]
[BlackElo "2457"]
[Result "1-0"]
[Round "06"]
[TimeControl "180+2"]
[Date "2023.03.14"]
[WhiteClock "0:00:17"]
[BlackClock "0:00:48"]

1. e4 c5 2. Nf3 e6 3. d4 cxd4 4. Nxd4 Nf6 5. Bd3 Nc6 6. Nxc6 bxc6 7. O-O d5 8. exd5 cxd5 9. c4 Be7 10. Nc3 O-O 11. Bg5 d4 12. Bxf6 Bxf6 13. Ne4 Bb7 14. Re1 Be7 15. Qh5 g6 16. Qh3 f5 17. Nd2 Qd6 18. Nf3 Bf6 19. c5 Qd5 20. Rac1 Rfe8 21. Bc4 Qd7 22. Ne5 Qg7 23. f4 Rac8 24. b4 Be4 25. Rxe4 fxe4 26. Bxe6+ Kf8 27. Bxc8 Bxe5 28. fxe5 Rxe5 29. Rf1+ Ke8 30. Qb3 e3 31. Bg4 e2 32. Qa4+ Kd8 33. Qa5+ Ke8 34. Qb5+ Kd8 35. Qa5+ Ke8 36. Qb5+ Kd8 37. Qb8+ Ke7 38. Qd6+ Ke8 39. Bd7+ Kd8 40. Bc6+ Kc8 41. Rf8+ Qxf8 42. Qxf8+ Kc7 43. Qd6+ Kc8 44. Qd7+ Kb8 45. Qb7# 1-0


[Site "https://www.chess.com"]

[Event "Titled Tuesday Blitz March 14 Late 2023"]
[White "Stelmaszyk, Nico"]
[Black "Tica, Sven"]
[WhiteFideId "16200462"]
[BlackFideId "14526948"]
[WhiteElo "2255"]
[BlackElo "2348"]
[Result "0-1"]
[Round "06"]
[TimeControl "180+2"]
[Date "2023.03.14"]
[WhiteClock "0:01:32"]
[BlackClock "0:02:11"]

1. e4 c5 2. c3 Nf6 3. e5 Nd5 4. Nf3 e6 5. Bc4 Nb6 6. Bb3 d5 7. d4 cxd4 8. cxd4 Bd7 9. O-O Nc6 10. Nc3 a6 11. Bg5 Be7 12. Bxe7 Qxe7 13. Rc1 h6 14. Qd2 Na5 15. Rc2 Nxb3 16. axb3 O-O 17. Rfc1 Rfc8 18. Ne1 Qb4 19. Nd3 Qxd4 20. Ne2 Qh4 21. Rc7 Qd8 22. Qc3 Bc6 23. Rxc8 Rxc8 24. Nd4 Bb5 25. Nc5 Nd7 26. Qb4 Qc7 27. Qe1 Nxc5 28. b4 Nd3 29. Rxc7 Rxc7 30. Qc3 Rxc3 31. bxc3 Nxe5 0-1


[Site "https://www.chess.com"]

[Event "Titled Tuesday Blitz March 14 Late 2023"]
[White "Karttunen, Mika"]
[Black "Melikhov, Evgeny V."]
[WhiteFideId "502081"]
[BlackFideId "4122046"]
[WhiteElo "2396"]
[BlackElo "2158"]
[Result "1-0"]
[Round "06"]
[TimeControl "180+2"]
[Date "2023.03.14"]
[WhiteClock "0:00:32"]
[BlackClock "0:00:01"]

1. e4 e5 2. Nf3 Nc6 3. Bb5 a6 4. Ba4 Nf6 5. O-O Nxe4 6. d4 b5 7. Bb3 d5 8. dxe5 Be6 9. c3 Bc5 10. Qe2 O-O 11. Be3 Bxe3 12. Qxe3 Qd7 13. Nbd2 f5 14. Bc2 h6 15. Nb3 Qf7 16. Nc5 f4 17. Qd3 Bf5 18. e6 Bxe6 19. Nxe4 dxe4 20. Qxe4 Bf5 21. Qxc6 Bxc2 22. Rfe1 Qc4 23. Qxc4+ bxc4 24. Ne5 Bd3 25. b4 a5 26. a3 axb4 27. axb4 Rxa1 28. Rxa1 Re8 29. Nf3 g5 30. h3 Re2 31. Nd4 Rd2 32. b5 Kf7 33. Ra7 Rd1+ 34. Kh2 Rc1 35. b6 Ke8 36. b7 1-0


[Site "https://www.chess.com"]

[Event "Titled Tuesday Blitz March 14 Late 2023"]
[White "Becham, Khalid"]
[Black "Janaszak, Dawid"]
[WhiteFideId "9000275"]
[BlackFideId "1119206"]
[WhiteElo "2081"]
[BlackElo "2220"]
[Result "0-1"]
[Round "06"]
[TimeControl "180+2"]
[Date "2023.03.14"]
[WhiteClock "0:01:52"]
[BlackClock "0:02:06"]

1. Nf3 d5 2. b3 c5 3. Bb2 Nc6 4. e3 a6 5. d4 Bg4 6. Be2 e6 7. Nbd2 Nf6 8. O-O Bd6 9. h3 Bh5 10. c4 cxd4 11. Nxd4 Bxe2 12. Qxe2 O-O 13. Nxc6 bxc6 14. Rfd1 Qe7 15. Nf3 Ne4 16. Rac1 a5 17. Ne5 Qc7 18. Ng4 f5 19. cxd5 fxg4 20. Rxc6 Bh2+ 21. Kh1 Nxf2+ 22. Qxf2 Rxf2 23. Rxc7 Bxc7 0-1


[Site "https://www.chess.com"]

[Event "Titled Tuesday Blitz March 14 Late 2023"]
[White "Jaskolka, Tomasz"]
[Black "Pakleza, Zbigniew"]
[WhiteFideId "1170791"]
[BlackFideId "1119290"]
[WhiteElo "2155"]
[BlackElo "2410"]
[Result "0-1"]
[Round "06"]
[TimeControl "180+2"]
[Date "2023.03.14"]
[WhiteClock "0:00:33"]
[BlackClock "0:00:32"]

1. e4 d6 2. d4 Nf6 3. Nc3 c6 4. f4 Qb6 5. Nf3 Bg4 6. Be2 Bxf3 7. Bxf3 e5 8. fxe5 dxe5 9. dxe5 Nfd7 10. e6 fxe6 11. Rb1 Ne5 12. Qe2 Nbd7 13. Be3 Bc5 14. Bxc5 Qxc5 15. Rd1 O-O-O 16. Qf2 Qxf2+ 17. Kxf2 Nc5 18. b3 Kc7 19. Ke3 a5 20. Rxd8 Rxd8 21. Rd1 Rf8 22. Ne2 b5 23. Nd4 Rf6 24. a3 Ned7 25. Be2 Rg6 26. g3 Ne5 27. Rf1 Ncd7 28. Bd1 b4 29. axb4 axb4 30. Ne2 Ng4+ 31. Kd4 c5+ 32. Kc4 Ne3+ 33. Kb5 0-1


[Site "https://www.chess.com"]

[Event "Titled Tuesday Blitz March 14 Late 2023"]
[White "Liu, Casper"]
[Black "Fus, Jakub"]
[WhiteFideId "1454153"]
[BlackFideId "1193023"]
[WhiteElo "2221"]
[BlackElo "2335"]
[Result "1/2-1/2"]
[Round "06"]
[TimeControl "180+2"]
[Date "2023.03.14"]
[WhiteClock "0:00:29"]
[BlackClock "0:00:06"]

1. d4 e6 2. c4 Nf6 3. Nc3 d5 4. cxd5 Nxd5 5. e4 Nxc3 6. bxc3 c5 7. Nf3 cxd4 8. cxd4 Bb4+ 9. Bd2 Bxd2+ 10. Qxd2 O-O 11. Rd1 b6 12. Be2 Bb7 13. Qe3 Nd7 14. O-O Nf6 15. Bd3 Rc8 16. Bb1 Qe7 17. e5 Nd5 18. Qd3 g6 19. Qd2 Kg7 20. Ng5 Nc3 21. Rc1 Nxb1 22. Rxb1 h6 23. Nh3 Rfd8 24. Rbc1 Qa3 25. Nf4 Qa4 26. Rxc8 Rxc8 27. d5 Rc2 28. Qe3 exd5 29. e6 Qe4 30. exf7 Kxf7 31. Qb3 Ba6 32. Rd1 Bc4 33. Qa4 Rb2 34. Qd7+ Qe7 35. Qc6 Qf6 36. Qc7+ Qe7 37. Qc8 g5 38. Qf5+ Qf6 39. Qd7+ Qe7 40. Qf5+ Qf6 41. Qd7+ Kg8 42. Qe8+ Kh7 43. Qd7+ Kg8 44. Qe8+ Kh7 45. Qd7+ Kg8 1/2-1/2


[Site "https://www.chess.com"]

[Event "Titled Tuesday Blitz March 14 Late 2023"]
[White "Kielinkei"]
[Black "Saveliev, Alexei"]
[BlackFideId "24128546"]
[WhiteElo "2427"]
[BlackElo "2271"]
[Result "0-1"]
[Round "06"]
[TimeControl "180+2"]
[Date "2023.03.14"]
[WhiteClock "0:00:16"]
[BlackClock "0:00:05"]

1. Nf3 g6 2. e4 Bg7 3. d4 d6 4. Nc3 Nc6 5. h3 Nf6 6. Be3 O-O 7. Be2 Nd7 8. O-O e5 9. dxe5 Ndxe5 10. Nxe5 dxe5 11. Bc4 Nd4 12. Ne2 Be6 13. Bxe6 Nxe6 14. Qxd8 Rfxd8 15. Rfd1 b6 16. c3 Bf8 17. Kf1 Bc5 18. Bd2 a5 19. Ke1 Rd3 20. Nc1 Rd7 21. Nb3 Rad8 22. f3 a4 23. Nxc5 Nxc5 24. Ke2 f6 25. Be3 Nd3 26. Rd2 c5 27. b3 b5 28. c4 bxc4 29. bxc4 Nb4 30. Rxd7 Rxd7 31. Bxc5 Nc6 32. Be3 Rb7 33. Rd1 Kf7 34. c5 a3 35. Rd6 Rb2+ 36. Rd2 Nb4 37. Kd1 Rb1+ 38. Ke2 Ke6 39. Rd6+ Ke7 40. Rb6 Rb2+ 41. Kd1 Nxa2 42. Rxb2 axb2 43. Kc2 Nc3 44. Kxb2 Nd1+ 45. Kc2 Nxe3+ 46. Kd3 Nxg2 47. Kc4 Nf4 48. Kb5 Kd7 49. Kb6 Ne6 50. c6+ Kd6 51. Kb7 h5 52. Kc8 Kxc6 53. Kb8 Kd7 54. Kb7 h4 55. Kb8 Nf4 56. Kb7 Nxh3 57. Kb6 Ng5 58. Kc5 Nxf3 59. Kd5 Nd4 60. Kc4 Ke6 61. Kd3 g5 62. Ke3 f5 63. Kd3 f4 64. Kc4 h3 65. Kd3 h2 66. Kc4 h1=Q 67. Kd3 Qd1+ 68. Kc4 Qc2+ 69. Kb4 Qxe4 70. Kc5 Qc2+ 71. Kb4 Kd5 72. Ka3 Qb1 73. Ka4 Qb5+ 74. Ka3 Qb3# 0-1


[Site "https://www.chess.com"]

[Event "Titled Tuesday Blitz March 14 Late 2023"]
[White "Cuenca Jimenez, Jose Fernando"]
[Black "Davidson, Kevin"]
[WhiteFideId "2255570"]
[BlackFideId "2056810"]
[WhiteElo "2429"]
[BlackElo "2151"]
[Result "1-0"]
[Round "06"]
[TimeControl "180+2"]
[Date "2023.03.14"]
[WhiteClock "0:00:43"]
[BlackClock "0:00:02"]

1. c4 Nf6 2. Nf3 g6 3. Nc3 Bg7 4. e4 d6 5. d4 O-O 6. Be2 e5 7. d5 a5 8. Bg5 h6 9. Be3 Ng4 10. Bd2 f5 11. h3 Nf6 12. exf5 gxf5 13. Qc1 f4 14. g3 e4 15. Nh4 e3 16. fxe3 fxg3 17. Ng6 g2 18. Rg1 Bxh3 19. Nf4 Qd7 20. Qc2 Na6 21. Nxh3 Qxh3 22. O-O-O Nc5 23. Qg6 Rae8 24. Rxg2 Re7 25. Rdg1 Nfe4 26. Nxe4 Nxe4 27. Bg4 Qh4 28. Be6+ Kh8 29. Rg4 Qf6 30. Qxe4 Qxb2+ 31. Kd1 Rf2 32. Qc2 Qa1+ 33. Qc1 Qxa2 34. Ke1 Rxd2 35. Qxd2 Qa1+ 36. Ke2 Qe5 37. R1g2 c6 38. Qc2 cxd5 39. cxd5 b5 40. Qc8+ Kh7 41. Qg8# 1-0


[Site "https://www.chess.com"]

[Event "Titled Tuesday Blitz March 14 Late 2023"]
[White "Chor, Kevin"]
[Black "Chan, Kim Yew"]
[WhiteFideId "2090740"]
[BlackFideId "5717981"]
[WhiteElo "2606"]
[BlackElo "2206"]
[Result "1-0"]
[Round "06"]
[TimeControl "180+2"]
[Date "2023.03.14"]
[WhiteClock "0:00:06"]
[BlackClock "0:00:03"]

1. e4 e5 2. Nf3 Nc6 3. Bb5 Nf6 4. d3 Bc5 5. c3 O-O 6. O-O d6 7. Nbd2 Ne7 8. d4 Bb6 9. dxe5 dxe5 10. Nxe5 Be6 11. Qe2 c6 12. Bc4 Qc8 13. Kh1 Ng6 14. Nxg6 hxg6 15. e5 Nd5 16. Ne4 Qc7 17. f4 Rad8 18. Ng5 Bf5 19. g4 Bc8 20. f5 Rfe8 21. e6 fxe6 22. fxg6 Nf6 23. Nxe6 Bxe6 24. Bxe6+ Kf8 25. Rxf6+ gxf6 26. Bh6+ Ke7 27. Bf5+ Kd6 28. Bf4+ Re5 29. Rd1+ Ke7 30. Bxe5 Rxd1+ 31. Qxd1 fxe5 32. g7 Kf7 33. Qb3+ Kxg7 34. Qe6 Qd8 35. Qg6+ Kf8 36. Qh6+ Kf7 37. Qh7+ Kf6 38. Qh4+ Kf7 39. Qe1 Qd5+ 40. Be4 Qc5 41. Kg2 Qb5 42. Qf1+ Qxf1+ 43. Kxf1 Be3 44. h4 Bc1 45. b3 Bd2 46. c4 Kf6 47. Ke2 Bf4 48. g5+ Kg7 49. Kf3 a5 50. Kg4 Bd2 51. Kf5 Bf4 52. h5 Bd2 53. h6+ Kg8 54. Kf6 Bf4 55. h7+ Kh8 56. g6 Bh6 57. Kxe5 Bf8 58. Ke6 Kg7 59. Kd7 Bb4 60. Kc7 c5 61. Kxb7 Kh8 62. Kc6 Kg7 63. Kd7 Kh8 64. Ke6 Kg7 65. Kd5 Kh8 66. Kc6 Kg7 67. Kb5 Kh8 68. Ka4 Kg7 69. a3 Bd2 70. Kb5 Bc1 71. a4 1-0


[Site "https://www.chess.com"]

[Event "Titled Tuesday Blitz March 14 Late 2023"]
[White "Senft, Sean"]
[Black "Ambartsumova, Karina"]
[WhiteFideId "2044960"]
[BlackFideId "4166299"]
[WhiteElo "1989"]
[BlackElo "2300"]
[Result "1-0"]
[Round "06"]
[TimeControl "180+2"]
[Date "2023.03.14"]
[WhiteClock "0:00:16"]
[BlackClock "0:00:01"]

1. e4 c5 2. Nc3 Nc6 3. f4 g6 4. Nf3 Bg7 5. Bc4 d6 6. d3 e6 7. O-O Nge7 8. Kh1 O-O 9. Qe1 d5 10. Bb3 Nd4 11. Nxd4 cxd4 12. Ne2 dxe4 13. dxe4 d3 14. cxd3 Qxd3 15. Ng3 b6 16. Be3 Bb7 17. Rd1 Qb5 18. f5 exf5 19. exf5 Qc6 20. Rd2 Nxf5 21. Nxf5 gxf5 22. Bd5 Qd7 23. Bxb7 Qxb7 24. Rxf5 Rae8 25. Re2 Re6 26. h3 Rfe8 27. Rf3 Qa6 28. a3 Qd3 29. Qf2 Qb1+ 30. Kh2 Be5+ 31. g3 Qg6 32. Bf4 Bxf4 33. Rxe6 fxe6 34. gxf4 Kf7 35. Rg3 Qf6 36. Qf3 Qf5 37. Rg5 Qc2+ 38. Kg3 Rg8 39. Qh5+ Kf8 40. Qh6+ Kf7 41. Qh5+ Kf8 42. Rxg8+ Kxg8 43. Qe8+ Kg7 44. Qe7+ Kg8 45. Qxe6+ Kg7 46. Qe7+ Kg8 47. Qe6+ Kg7 48. f5 Qd3+ 49. Kf4 Qd4+ 50. Qe4 Qxb2 51. Qe7+ Kg8 52. f6 Qd4+ 53. Kf5 Qf2+ 54. Ke6 Qe3+ 55. Kd7 Qd4+ 56. Ke8 Qc4 57. Qg7# 1-0


[Site "https://www.chess.com"]

[Event "Titled Tuesday Blitz March 14 Late 2023"]
[White "Melian, Juan Sebastian"]
[Black "Meunier-Pion, Jean"]
[WhiteFideId "3706575"]
[BlackFideId "20685327"]
[WhiteElo "2031"]
[BlackElo "2124"]
[Result "1/2-1/2"]
[Round "06"]
[TimeControl "180+2"]
[Date "2023.03.14"]
[WhiteClock "0:00:09"]
[BlackClock "0:00:03"]

1. d3 e5 2. c4 Nf6 3. a3 d5 4. cxd5 Nxd5 5. Nf3 Nc6 6. e4 Nde7 7. b4 Bg4 8. Bb2 Ng6 9. h3 Bxf3 10. Qxf3 Nd4 11. Qd1 Nf4 12. g3 Nfe6 13. Bg2 a5 14. bxa5 Rxa5 15. O-O Bc5 16. Kh2 h5 17. Nd2 h4 18. Nc4 hxg3+ 19. fxg3 Ra6 20. Nxe5 Ng5 21. Qg4 Nxh3 22. Bxh3 Rah6 23. Kg2 Rxh3 24. Rh1 Rxh1 25. Rxh1 Rxh1 26. Kxh1 Qd6 27. Qxg7 Ne2 28. Qxf7+ Kd8 29. Nc4 Qh6+ 30. Kg2 Be7 31. Qf2 Qh5 32. Ne3 Bc5 33. Qf3 Qxf3+ 34. Kxf3 Nd4+ 35. Bxd4 Bxd4 36. Nf5 Bb2 37. a4 Kd7 38. Kf4 c6 39. e5 Bc3 40. Ke4 b5 41. axb5 cxb5 42. Nd4 b4 43. Nb3 Ke7 44. d4 Be1 45. d5 Bxg3 46. Nd4 Bf2 47. Nb3 Kd7 48. d6 Ke6 49. Nd2 Bg3 50. Nc4 Bxe5 51. Nxe5 Kxd6 52. Kd4 b3 53. Nc4+ Kc6 54. Nb2 Kb5 55. Kc3 Kc5 56. Kxb3 1/2-1/2


[Site "https://www.chess.com"]

[Event "Titled Tuesday Blitz March 14 Late 2023"]
[White "Kurtz, Eric M"]
[Black "Szente Varga, Fruzsina"]
[WhiteFideId "30939763"]
[BlackFideId "712264"]
[WhiteElo "2580"]
[BlackElo "1994"]
[Result "0-1"]
[Round "06"]
[TimeControl "180+2"]
[Date "2023.03.14"]
[WhiteClock "0:00:17"]
[BlackClock "0:00:14"]

1. Nf3 Nf6 2. c4 c6 3. g3 d5 4. Bg2 g6 5. b3 Bg7 6. Bb2 O-O 7. O-O a5 8. Nc3 Re8 9. d4 Nbd7 10. cxd5 cxd5 11. Ne5 Nb6 12. a4 Bf5 13. Rc1 Rc8 14. Ba3 Ne4 15. Nb5 Nd7 16. Rxc8 Qxc8 17. f3 Nef6 18. Qd2 Qc2 19. Qxc2 Bxc2 20. Nxd7 Nxd7 21. Nc7 Bxd4+ 22. Kh1 Rb8 23. Nxd5 e6 24. Ne7+ Kg7 25. Rc1 Bxb3 26. Rc7 Bxa4 27. Bd6 Bf6 28. e4 Re8 29. Nc8 b5 30. f4 Bd4 31. Na7 Nb6 32. e5 b4 33. Nc6 Bxc6 34. Bxc6 Rc8 35. Rxc8 Nxc8 36. Bc7 Bb6 37. Bb8 Kf8 38. Bd7 Na7 39. Bd6+ Kg7 40. Kg2 b3 41. Ba3 Bd4 42. Ba4 b2 43. Bc2 Nb5 44. Be7 Nc3 45. Bd8 a4 46. Be7 Ne2 47. Kf3 Nc3 48. Bb4 b1=Q 49. Bxb1 Nxb1 50. Ke2 a3 51. Bxa3 Nxa3 0-1


[Site "https://www.chess.com"]

[Event "Titled Tuesday Blitz March 14 Late 2023"]
[White "Mickiewicz, Piotr"]
[Black "Mendez Fortes, Eduardo Jesus"]
[WhiteFideId "1114891"]
[BlackFideId "3502376"]
[WhiteElo "2246"]
[BlackElo "2307"]
[Result "0-1"]
[Round "06"]
[TimeControl "180+2"]
[Date "2023.03.14"]
[WhiteClock "0:00:05"]
[BlackClock "0:01:18"]

1. Nf3 d5 2. g3 Nf6 3. Bg2 e6 4. O-O c5 5. d3 Be7 6. Nbd2 Nc6 7. e4 O-O 8. Re1 b5 9. a4 bxa4 10. e5 Nd7 11. Rxa4 Nb6 12. Ra1 Qc7 13. Nf1 a5 14. h4 d4 15. Bg5 h6 16. Bxe7 Nxe7 17. N1d2 Bb7 18. Ne4 c4 19. Nd6 cxd3 20. cxd3 Bxf3 21. Bxf3 Nbd5 22. Qd2 Qb6 23. Nc4 Qb4 24. Qe2 Rfb8 25. Ra3 Ra7 26. Rea1 Rb5 27. Be4 Nb6 28. Nd6 Rxe5 29. f4 Rc5 30. Nb7 Rc7 31. Nxa5 Nbd5 32. Bxd5 Nxd5 33. Nc6 Rxa3 34. bxa3 Qc3 35. Rf1 Qxc6 0-1


[Site "https://www.chess.com"]

[Event "Titled Tuesday Blitz March 14 Late 2023"]
[White "Zampronha, Wladimir Camilo"]
[Black "Johannesson, Ingvar Thor"]
[WhiteFideId "2103087"]
[BlackFideId "2301490"]
[WhiteElo "2176"]
[BlackElo "2360"]
[Result "0-1"]
[Round "06"]
[TimeControl "180+2"]
[Date "2023.03.14"]
[WhiteClock "0:00:06"]
[BlackClock "0:00:22"]

1. e4 e6 2. d4 d5 3. Nc3 Bb4 4. e5 Qd7 5. f4 b6 6. Nf3 Ba6 7. Bxa6 Nxa6 8. O-O Nh6 9. Kh1 Bxc3 10. bxc3 Nb8 11. a4 Nc6 12. Qe2 Na5 13. Be3 Nc4 14. Bf2 a5 15. Nd2 Qc6 16. Nxc4 dxc4 17. h3 Nf5 18. Kh2 h5 19. Bg1 h4 20. Qf3 Qxf3 21. Rxf3 O-O-O 22. Be3 Kb7 23. Bd2 Kc6 24. Rb1 Rb8 25. Rff1 Rb7 26. Rb5 Rd8 27. Rfb1 Rd5 28. Kg1 Rxb5 29. Rxb5 Kd7 30. Kf2 c6 31. Rb1 b5 32. Kf3 Kc7 33. Ra1 b4 34. Rb1 c5 35. dxc5 b3 36. cxb3 Rxb3 37. Rd1 Kc6 38. Ke4 Rb2 39. Bc1 Rxg2 40. Rd8 Rg3 41. Rc8+ Kd7 42. Rf8 Rxc3 43. Bd2 Rd3 44. Bc1 Ng3# 0-1


[Site "https://www.chess.com"]

[Event "Titled Tuesday Blitz March 14 Late 2023"]
[White "Urbina Perez, Juan Antonio"]
[Black "Gallegos Diaz, Carlos Alberto"]
[WhiteFideId "2217368"]
[BlackFideId "3900886"]
[WhiteElo "2197"]
[BlackElo "2362"]
[Result "1-0"]
[Round "06"]
[TimeControl "180+2"]
[Date "2023.03.14"]
[WhiteClock "0:00:18"]
[BlackClock "0:00:16"]

1. c4 d6 2. g3 Nf6 3. Bg2 e5 4. Nc3 Be7 5. d3 O-O 6. Nf3 h6 7. O-O c6 8. b4 Nbd7 9. a4 d5 10. cxd5 cxd5 11. d4 e4 12. Ne5 Bxb4 13. Qb3 Qa5 14. Na2 Bd6 15. Bb2 Nb6 16. Nc3 Be6 17. Nb5 Bb8 18. Bc3 Qa6 19. Rfc1 Nc4 20. Bf1 Bxe5 21. dxe5 Ne8 22. e3 Qc6 23. Bd4 a6 24. Na3 Rc8 25. Nxc4 dxc4 26. Qb4 b5 27. axb5 axb5 28. Ra5 Nc7 29. Bc5 Nd5 30. Qxb5 Qxb5 31. Rxb5 Rfd8 32. Bd4 c3 33. Be2 Rc6 34. Ra5 Rb8 35. Kg2 Rb2 36. Bf1 c2 37. Bxb2 1-0


[Site "https://www.chess.com"]

[Event "Titled Tuesday Blitz March 14 Late 2023"]
[White "Leonte, Sebastian-Marian"]
[Black "Santos Flores, Alberto"]
[WhiteFideId "1268767"]
[BlackFideId "3601234"]
[WhiteElo "2339"]
[BlackElo "2235"]
[Result "1-0"]
[Round "06"]
[TimeControl "180+2"]
[Date "2023.03.14"]
[WhiteClock "0:00:35"]
[BlackClock "0:00:38"]

1. e4 c5 2. Nf3 g6 3. d4 Bg7 4. Nc3 cxd4 5. Nxd4 Nc6 6. Be3 Nf6 7. Bc4 O-O 8. Bb3 d6 9. f3 Bd7 10. Qd2 Rc8 11. O-O-O Ne5 12. Bg5 Rc5 13. f4 Nc4 14. Bxc4 Rxc4 15. e5 Ne8 16. Qd3 Rxc3 17. Qxc3 dxe5 18. fxe5 Bxe5 19. Rhe1 Bf6 20. Qe3 e6 21. Nf3 Qc7 22. Bxf6 Nxf6 23. Qe5 Qxe5 24. Nxe5 Bb5 25. c4 Rc8 26. b3 Be8 27. Kb2 a5 28. Rd4 Rc5 29. Nd3 Rg5 30. g3 Bc6 31. Rd8+ Kg7 32. Ne5 Be4 33. Nd7 Rf5 34. Nxf6 Rf2+ 35. Ka3 Kxf6 36. Rxe4 Rxh2 37. Rd7 g5 38. Rxb7 Rg2 39. g4 h5 40. gxh5 g4 41. Rf4+ Kg5 42. Rfxf7 Kh6 43. Rh7+ Kg5 44. Rbg7+ Kh4 45. Rg6 g3 46. h6 1-0


[Site "https://www.chess.com"]

[Event "Titled Tuesday Blitz March 14 Late 2023"]
[White "Petukhov, Dmitry"]
[Black "Todev, Simeon"]
[WhiteFideId "4142748"]
[BlackFideId "2925133"]
[WhiteElo "2311"]
[BlackElo "1938"]
[Result "1-0"]
[Round "06"]
[TimeControl "180+2"]
[Date "2023.03.14"]
[WhiteClock "0:01:05"]
[BlackClock "0:00:17"]

1. e4 c5 2. c3 d5 3. exd5 Qxd5 4. d4 cxd4 5. Nf3 Bg4 6. Be2 Nc6 7. cxd4 e6 8. O-O Bb4 9. h3 Bh5 10. a3 Ba5 11. b4 Bb6 12. Nc3 Qd7 13. d5 exd5 14. Qxd5 Nf6 15. Qxd7+ Nxd7 16. Nd5 O-O 17. Rd1 Rfe8 18. Nxb6 Nxb6 19. Be3 Ne5 20. g4 Bg6 21. Nxe5 Rxe5 22. Rac1 Rae8 23. Bf3 R5e7 24. Bxb6 axb6 25. Rd6 f5 26. Rxb6 fxg4 27. hxg4 Ra8 28. Rc3 Ra7 29. Bd5+ Kf8 30. Rc8+ Re8 31. Rc7 Re7 32. Rxe7 Kxe7 33. Rxb7+ Rxb7 34. Bxb7 Kd6 35. Kf1 Bd3+ 36. Ke1 g6 37. Kd2 Bb5 38. Ke3 Ke5 39. f4+ Kd6 40. g5 Ke6 41. Be4 Ba4 42. Kd4 Kd6 43. f5 Be8 44. f6 Bd7 45. Bc2 Ke6 46. a4 Bc6 47. b5 Ba8 48. Bb3+ Kd6 49. a5 Bg2 50. a6 Bf3 51. b6 Bg4 52. f7 Ke7 53. Bd5 h5 54. a7 h4 1-0


[Site "https://www.chess.com"]

[Event "Titled Tuesday Blitz March 14 Late 2023"]
[White "Karas, Marek"]
[Black "Barash, Anton"]
[WhiteFideId "14928558"]
[BlackFideId "30935229"]
[WhiteElo "2233"]
[BlackElo "2338"]
[Result "1-0"]
[Round "06"]
[TimeControl "180+2"]
[Date "2023.03.14"]
[WhiteClock "0:00:35"]
[BlackClock "0:00:03"]

1. d4 d5 2. c4 e6 3. Nf3 Nf6 4. Nc3 Be7 5. g3 dxc4 6. Bg2 O-O 7. Ne5 c5 8. dxc5 Qxd1+ 9. Nxd1 Bxc5 10. Nxc4 Nc6 11. Be3 Bb4+ 12. Nc3 Nd5 13. Bd2 Nd4 14. Rc1 Rd8 15. Nxd5 Bxd2+ 16. Kxd2 exd5 17. Ne5 Be6 18. Rc7 Rab8 19. Rhc1 Nb5 20. R7c5 a6 21. Nd3 f6 22. Nf4 Kf7 23. a4 Nd4 24. Rc7+ Kf8 25. Ke1 Bf7 26. e3 Ne6 27. Nxe6+ Bxe6 28. b4 b6 29. Ra7 Ra8 30. Rcc7 Rxa7 31. Rxa7 d4 32. exd4 Rxd4 33. b5 Rxa4 34. Rxa6 Ra1+ 35. Rxa1 1-0


[Site "https://www.chess.com"]

[Event "Titled Tuesday Blitz March 14 Late 2023"]
[White "Sokolin, Leonid"]
[Black "Bach, Matthias"]
[WhiteFideId "2009161"]
[BlackFideId "4603168"]
[WhiteElo "2394"]
[BlackElo "2165"]
[Result "1-0"]
[Round "06"]
[TimeControl "180+2"]
[Date "2023.03.14"]
[WhiteClock "0:00:37"]
[BlackClock "0:01:13"]

1. e4 e5 2. Nf3 Nc6 3. Nc3 d6 4. Bb5 Bg4 5. d4 exd4 6. Qxd4 Bxf3 7. gxf3 Qf6 8. Qe3 O-O-O 9. Nd5 Qd4 10. c3 Qxe3+ 11. Bxe3 a6 12. Be2 Nge7 13. O-O-O Nxd5 14. Rxd5 Be7 15. f4 Bf6 16. Bf3 Rhe8 17. Rhd1 g6 18. Kc2 h5 19. b4 Ne7 20. R5d3 Bh4 21. a4 Ng8 22. e5 dxe5 23. Rxd8+ Rxd8 24. Rxd8+ Bxd8 25. fxe5 Ne7 26. Kd3 Nf5 27. Bd2 Bh4 28. Ke2 Ne7 29. Be4 c6 30. f4 Nd5 31. c4 Nb6 32. Kd3 Nxa4 33. c5 Kc7 34. Kc2 b5 35. e6 Nb6 36. exf7 1-0


[Site "https://www.chess.com"]